 Dungeon Crawl Stone Soup version 0.21-a0-95-g06f091e (webtiles) character file.

438 grindst0ne the Changer (level 7, -8/50 HPs)
             Began as a Merfolk Transmuter on July 4, 2017.
             Mangled by a two-headed ogre
             ... wielding a cursed -2 giant club
              (29 damage)
             ... on level 4 of the Dungeon.
             The game lasted 00:07:58 (4871 turns).

grindst0ne the Changer (Merfolk Transmuter)         Turns: 4871, Time: 00:07:59

Health: -8/50      AC:  2    Str: 12    XL:     7   Next: 1%
Magic:  1/10       EV: 23    Int: 12    God:
Gold:   143        SH:  0    Dex: 20    Spells: 4/10 levels left

rFire    . . .     SeeInvis .     - Unarmed
rCold    . . .     Gourm    .   (shield currently unavailable)
rNeg     . . .     Faith    .   (armour currently unavailable)
rPois    x         Spirit   .   (helmet currently unavailable)
rElec    .         Reflect  .   (cloak currently unavailable)
rCorr    .         Harm     .   (gloves currently unavailable)
MR       .....                  (boots currently unavailable)
Stlth    ++........             (no amulet)
HPRegen  0.16/turn              (no ring)
MPRegen  0.12/turn              (no ring)

@: spider-form
A: (change form in water), (swift swim), (stealthy swim)
a: End Transformation


You were on level 4 of the Dungeon.
You were hungry.
You were a venomous arachnid creature.
You visited 1 branch of the dungeon, and saw 5 of its levels.

You collected 143 gold pieces.

Inventory:

Missiles
 a - 34 arrows
Armour
 b - a +0 robe (melded)
Wands
 t - a wand of paralysis (15/24)
Scrolls
 e - 2 scrolls of fog {unknown}
 f - a scroll of immolation {unknown}
 g - 2 scrolls of blinking {unknown}
 h - 4 scrolls of remove curse {unknown}
 i - 8 scrolls of identify {unknown}
 k - a scroll of recharging {unknown}
 o - a scroll of teleportation {unknown}
 p - a scroll of magic mapping {unknown}
 q - a scroll of amnesia {unknown}
 s - a scroll of noise {unknown}
Potions
 n - a potion of mutation {unknown}
 u - a potion of haste {unknown}
Books
 c - a book of Changes

   Spells                             Type                      Level
   a - Beastly Appendage              Transmutation                1
   b - Sticks to Snakes               Transmutation                2
   c - Spider Form                    Transmutation/Poison         3
   d - Ice Form                       Ice/Transmutation            4
   e - Blade Hands                    Transmutation                5
Comestibles
 d - 8 bread rations
 j - 4 fruits
 m - 4 meat rations


   Skills:
 + Level 2.0 Fighting
 * Level 4.5 Dodging
 + Level 5.9 Unarmed Combat
 - Level 2.0 Spellcasting
 - Level 6.1 Transmutations


You had 4 spell levels left.
You knew the following spells:

 Your Spells              Type           Power        Failure   Level  Hunger
a - Beastly Appendage     Tmut           ###...       9%          1    ##.....
b - Spider Form           Tmut/Pois      #.........   45%         3    ####...
c - Sticks to Snakes      Tmut           ###.....     11%         2    ###....


Dungeon Overview and Level Annotations

Branches:
Dungeon (5/15)
 Temple: D:4-7

Altars:
Cheibriados
Dithmenos
Elyvilon
Wu Jian
Yredelemnul

Annotations:
D:5 p0werm0de's ghost, novice DsMo


Message History

Your magical contamination has completely faded away.
Things that are here:
a spear; 24 stones
Things that are here:
37 stones; an uncursed dagger; an uncursed hunting sling It was a potion of curing.
You feel better.
You see here a stone.
You see here a stone.
The two-headed ogre barely misses you. The two-headed ogre closely misses you.
You see here a stone.
Casting: Spider Form
Confirm with . or Enter, or press ? or * to list all spells.
You turn into a venomous arachnid creature.
Your +0 robe melds into your body.
You are feeling hungry.
You hit the two-headed ogre.
The two-headed ogre is severely wounded.
The two-headed ogre hits you with a giant club!!
Ouch! That really hurt!
You die...

..####..#..#####).# ##.##....
..#..####..#...#(.#
#####.#.#....
..'..#.['..#...#..#
#....###..#..
####)#(.####...#(.#
#.##..#.#....
'(...((()..#...#..#
#.##.........
#....####..#...#.##
#.####.###.##
#.####..#.###)##(## #.# #.#
#.# ..#..#..#.')).#.O(###.#
#.# #.#
..'..#'##.#...#.s#.##.# #.#
#.## .#####).#.#####P.##.#.#
#.# #...
.#...#..#..#..'..###..# #.#
####
.#...#..#..'..#..####.####.#
)#...#'##..##'##..##.#.....#
#
)##'##.....#...#..#.##.######
#
........#'##...#...##.......#
#
#'#..##'#..#'###..###.#####.#
# ..##'#.(#..#..#....##...#
#.## #


You could see a two-headed ogre.

Vanquished Creatures
  2 bullfrogs (D:3)
  2 orc wizards
  A hound skeleton (D:4)
  4 gnolls (D:4)
  5 adders
  5 worms
  A dart slug (D:4)
  2 leopard geckos
  23 orcs
  6 giant cockroaches
  13 hobgoblins
  4 jackals (D:2)
  A quokka (D:2)
  5 bats
  3 frilled lizards
  19 goblins
  10 kobolds
  9 rats
  A spectral orc (D:4)
116 creatures vanquished.

Vanquished Creatures (collateral kills)
  An orc (D:4)
1 creature vanquished.

Vanquished Creatures (others)
  A quokka (D:4)
1 creature vanquished.

Grand Total: 118 creatures vanquished

Notes
Turn   | Place    | Note
-------+----------+-------------------------------------------
     0 | D:1      | grindst0ne the Merfolk Transmuter began the quest for the Orb.
     0 | D:1      | Reached XP level 1. HP: 15/15 MP: 3/3
   101 | D:1      | Reached skill level 3 in Transmutations
   471 | D:1      | Reached XP level 2. HP: 21/21 MP: 3/5
  1289 | D:1      | Reached XP level 3. HP: 26/26 MP: 4/6
  1294 | D:1      | Learned a level 3 spell: Spider Form
  1297 | D:1      | Learned a level 2 spell: Sticks to Snakes
  1552 | D:2      | Reached skill level 4 in Transmutations
  1913 | D:2      | Reached XP level 4. HP: 32/32 MP: 3/7
  2505 | D:3      | Noticed a bullfrog
  2519 | D:3      | Killed a bullfrog
  2519 | D:3      | Reached skill level 5 in Unarmed Combat
  2519 | D:3      | Reached skill level 5 in Transmutations
  2519 | D:3      | Reached XP level 5. HP: 35/37 MP: 1/8
  2903 | D:3      | Reached skill level 6 in Transmutations
  2903 | D:3      | Reached XP level 6. HP: 30/43 MP: 5/9
  3667 | D:4      | Found a snail-covered altar of Cheibriados.
  3705 | D:4      | Found an ornate altar of the Wu Jian Council.
  3775 | D:4      | Found a white marble altar of Elyvilon.
  3788 | D:4      | Found a shadowy altar of Dithmenos.
  4344 | D:4      | Found a basalt altar of Yredelemnul.
  4733 | D:4      | Reached XP level 7. HP: 44/49 MP: 3/10
  4804 | D:5      | Entered Level 5 of the Dungeon
  4804 | D:5      | Noticed a two-headed ogre
  4809 | D:5      | Noticed p0werm0de's ghost (novice DsMo)
  4871 | D:4      | Mangled by a two-headed ogre

Vault maps used:
D:1:      kennysheep_arrival_forest
D:2:      minmay_misc_feat_enclosed
D:4:      corexii_shantytown, marbit_many_paths, elyvilon_altar_4,
          kennysheep_slug_shrine, yredelemnul_forgotten_temple_becter,
          old_standard_altar, corexii_corridor_pit
D:5:      tso_oasis_becter, minitemple, lemuel_doored_altar,
          cheibrodos_sewer_entry_drain, first_bread, uniq_crazy_yiuf_cottage

Skill      XL: |  1  2  3  4  5  6  7 |
---------------+----------------------+-----
Transmutations | 3 4 5 6 |  6.1
Unarmed Combat | 4 5 |  5.9
Dodging        | 4 |  4.5
Fighting       | 2 |  2.0
Spellcasting   | |  2.0

Action                   |  1- 3 |  4- 6 |  7- 9 || total
-------------------------+-------+-------+-------++-------
Melee: Unarmed           |   107 |   196 |     7 ||   310
       Headbutt          |     6 |       |       ||     6
       Punch             |     4 |       |       ||     4
 Cast: Beastly Appendage |    13 |       |       ||    13
       Spider Form       |     7 |    30 |     3 ||    40
       Sticks to Snakes  |       |     2 |     2 ||     4
  Use: Potion            |       |     2 |     1 ||     3
 Stab: Sleeping          |     1 |     2 |       ||     3
  Eat: Chunk             |     4 |    14 |     1 ||    19
Armor: Robe              |     8 |     6 |       ||    14
       Skin              |     1 |     4 |       ||     5
Dodge: Dodged            |    66 |   173 |    13 ||   252
